 Dungeon Crawl Stone Soup version 0.22.1-1-ga44c0e5 (webtiles) character file.

1039 rabbit the Magician (level 8, 0/87 HPs)
             Began as a Gnoll Wizard on Oct 11, 2018.
             Was an Initiate of Ashenzari.
             Slain by a killer bee (3 damage)
             ... on level 7 of the Dungeon.
             The game lasted 00:33:18 (7175 turns).

rabbit the Magician (Gnoll Wizard)                  Turns: 7175, Time: 00:33:19

Health: 0/87       AC:  7    Str: 15    XL:     8   Next: 24%
Magic:  19/19      EV: 15    Int: 22    God:    Ashenzari [......]
Gold:   220        SH:  0    Dex: 14    Spells: 11/22 levels left

rFire    + . .     SeeInvis .   b - +2 dagger (protect)
rCold    . . .     Gourm    .   (no shield)
rNeg     . . .     Faith    .   h - +0 robe
rPois    .         Spirit   .   m - +0 hat
rElec    .         Reflect  .   (no cloak)
rCorr    .         Harm     .   w - +2 pair of gloves
MR       .....                  (no boots)
Stlth    ..........             (no amulet)
HPRegen  0.24/turn              z - +2 ring of protection (curse)
MPRegen  0.16/turn              F - ring of protection from fire (curse)

@: berserking, lethally poisoned (0 -> -8), very quick
A: distributed training, fangs 1, strong nose
a: Curse Item, Renounce Religion


You were on level 7 of the Dungeon.
You worshipped Ashenzari.
Ashenzari was noncommittal.
You were not hungry.

You visited 2 branches of the dungeon, and saw 8 of its levels.

You collected 220 gold pieces.

Inventory:

Hand Weapons
 a - a +0 hunting sling
 b - a +2 dagger of protection (weapon)
 n - a +0 short sword
Missiles
 e - 38 bolts
 j - 36 arrows
 o - 182 stones
 I - 30 sling bullets (quivered)
Armour
 h - a +0 robe (worn)
 m - a +0 hat (worn)
 w - a +2 pair of gloves (worn)
Magical Staves
 x - an uncursed staff of air
Jewellery
 z - a cursed +2 ring of protection (left hand)
 C - an uncursed ring of fire
 F - a cursed ring of protection from fire (right hand)
 H - a cursed amulet of inaccuracy
Wands
 i - a wand of iceblast (11)
 B - a wand of random effects (26)
 E - a wand of polymorph (3)
Scrolls
 k - a scroll of fog {unknown}
 l - 2 scrolls of remove curse
 p - a scroll of enchant weapon {unknown}
 t - a scroll of amnesia {unknown}
 u - a scroll of blinking {unknown}
 v - 2 scrolls of identify
 y - 2 scrolls of teleportation {unknown}
Potions
 c - a potion of flight {unknown}
 f - a potion of cancellation {unknown}
 g - 2 potions of lignification {unknown}
 q - a potion of magic {unknown}
 r - a potion of ambrosia {unknown}
 s - 2 potions of berserk rage
 A - 3 potions of degeneration {unknown}
 D - a potion of invisibility
 G - 4 potions of curing {unknown}
Comestibles
 d - 6 rations


   Skills:
 + Level 3.0 Fighting
 + Level 3.0 Short Blades
 + Level 3.0 Long Blades
 + Level 3.0 Axes
 + Level 3.0 Maces & Flails
 + Level 3.0 Polearms
 + Level 3.0 Staves
 + Level 3.0 Slings
 + Level 3.0 Bows
 + Level 3.0 Crossbows
 + Level 3.0 Throwing
 + Level 3.0 Armour
 + Level 5.5 Dodging
 + Level 5.2 Stealth
 + Level 3.0 Shields
 + Level 3.0 Unarmed Combat
 + Level 7.8 Spellcasting
 + Level 3.3 Conjurations
 + Level 2.4 Hexes
 + Level 2.4 Charms
 + Level 3.3 Summonings
 + Level 2.4 Necromancy
 + Level 3.3 Translocations
 + Level 2.4 Transmutations
 + Level 2.4 Fire Magic
 + Level 2.4 Ice Magic
 + Level 2.4 Air Magic
 + Level 2.4 Earth Magic
 + Level 2.4 Poison Magic
 + Level 3.3 Invocations
 + Level 3.0 Evocations


You had 11 spell levels left.
You knew the following spells:

 Your Spells              Type           Power        Failure   Level  Hunger
a - Magic Dart            Conj           ###.         1%          1    None
b - Call Imp              Summ           ###.....     3%          2    None
c - Blink                 Tloc           N/A          3%          2    None
d - Conjure Flame         Conj/Fire      ###.....     7%          3    None
e - Mephitic Cloud        Conj/Pois/Air  ###.....     8%          3    None

Your spell library contained the following spells:

 Spells                   Type           Power        Failure   Level  Hunger
 Slow                     Hex            ###.....     4%          2    None


Dungeon Overview and Level Annotations

Branches:
Dungeon (7/15)             Temple (1/1) D:7

Altars:
Ashenzari
Dithmenos
Fedhas
Hepliaklqana
Kikubaaqudgha
Okawaru
Qazlal
Trog
Uskayaw
Vehumet
Zin
The Shining One

Annotations:
D:4 Grinder
D:5 Blork the orc, Eustachio, Prince Ribbit


Innate Abilities, Weirdness & Mutations

Your experience applies equally to all skills.
You have very sharp teeth.
Your uncanny sense of smell can sniff out nearby items.


Message History

You feel sick.
Your crimson imp barely misses the killer bee.
There is an open door here.
You feel sick.
You feel sick. The killer bee barely misses you.
You feel sick. The killer bee misses you. The killer bee stings you.
The killer bee stings you!
* * * LOW HITPOINT WARNING * * *
You are more poisoned.
The killer bee poisons you! The killer bee stings you!
* * * LOW HITPOINT WARNING * * *
* * * LOW HITPOINT WARNING * * *
You feel sick. The killer bee misses you. x2
The killer bee barely misses you.
It was a potion of berserk rage.
A red film seems to cover your vision as you go berserk!
You feel yourself moving faster!
You feel mighty!
* * * LOW HITPOINT WARNING * * *
You feel sick. The killer bee stings you.
You die...

........#..........#...##....#
........'..........#.........#
........#..........'.........#
........#..........#.........#
###)#####....<.....###########
...>........#'##......#####..#
............#..#......#...#..#
............'..#......#...#..#
............#..#@.....#..##..#
........y...#[.#yy....#..##..#
............#5.#a.....'..##..#
####'########..#5.....#...#..#
............#..#......#...'..#
............+..'......##+##..#
.##..###..###<.#......#..###+#
###..# #..# #..#......#......#
..5........#...+......#......#


You could see a worker ant, 2 killer bees and a friendly crimson imp.

Vanquished Creatures
  A hungry ghost (D:7)
  An ice beast (D:7)
  2 ogres
  A sky beast (D:5)
  2 scorpions
  A wyvern skeleton (D:7)
  3 crimson imps
  A hound (D:4)
  A jelly (D:7)
  A worker ant (D:4)
  A hound skeleton (D:5)
  A worker ant zombie (D:5)
  3 adders
  4 oozes
  A worm (D:2)
  4 dart slugs
  2 leopard geckos
  4 orcs
  5 giant cockroaches
  17 goblins
  15 hobgoblins
  3 jackals (D:4)
  A quokka (D:4)
  2 ball pythons
  11 bats
  A frilled lizard (D:1)
  8 kobolds
  9 rats
106 creatures vanquished.

Vanquished Creatures (collateral kills)
  A bullfrog (D:4)
  2 hounds
  An orc wizard (D:5)
  Robin (D:3)
  An adder (D:2)
  A worm (D:3)
  2 orcs (D:5)
  A goblin (D:3)
  3 hobgoblins
  A quokka (D:2)
14 creatures vanquished.

Grand Total: 120 creatures vanquished

Notes
Turn   | Place    | Note
-------+----------+-------------------------------------------
     0 | D:1      | rabbit the Gnoll Wizard began the quest for the Orb.
     0 | D:1      | Reached XP level 1. HP: 13/13 MP: 8/8
   128 | D:1      | Reached XP level 2. HP: 19/19 MP: 8/10
   710 | D:1      | Reached XP level 3. HP: 25/25 MP: 4/11
   979 | D:1      | Learned a level 2 spell: Call Imp
   990 | D:1      | Reached skill level 1 in Invocations
  1585 | D:1      | Reached skill level 1 in Fighting
  1585 | D:1      | Reached skill level 1 in Short Blades
  1585 | D:1      | Reached skill level 1 in Long Blades
  1585 | D:1      | Reached skill level 1 in Axes
  1585 | D:1      | Reached skill level 1 in Maces & Flails
  1585 | D:1      | Reached skill level 1 in Polearms
  1585 | D:1      | Reached skill level 1 in Staves
  1585 | D:1      | Reached skill level 1 in Slings
  1585 | D:1      | Reached skill level 1 in Bows
  1585 | D:1      | Reached skill level 1 in Crossbows
  1585 | D:1      | Reached skill level 1 in Throwing
  1585 | D:1      | Reached skill level 1 in Armour
  1585 | D:1      | Reached skill level 1 in Shields
  1585 | D:1      | Reached skill level 1 in Unarmed Combat
  1585 | D:1      | Reached skill level 1 in Evocations
  1749 | D:2      | Reached XP level 4. HP: 25/32 MP: 10/13
  3079 | D:3      | Reached skill level 1 in Hexes
  3079 | D:3      | Reached skill level 1 in Charms
  3079 | D:3      | Reached skill level 1 in Necromancy
  3079 | D:3      | Reached skill level 1 in Transmutations
  3079 | D:3      | Reached skill level 1 in Fire Magic
  3079 | D:3      | Reached skill level 1 in Ice Magic
  3079 | D:3      | Reached skill level 1 in Air Magic
  3079 | D:3      | Reached skill level 1 in Earth Magic
  3079 | D:3      | Reached skill level 1 in Poison Magic
  3083 | D:3      | Learned a level 2 spell: Blink
  3094 | D:3      | Learned a level 3 spell: Conjure Flame
  3098 | D:3      | Learned a level 3 spell: Mephitic Cloud
  3115 | D:3      | Reached XP level 5. HP: 34/37 MP: 6/14
  3597 | D:3      | Noticed Robin
  3606 | D:3      | Killed Robin
  4073 | D:4      | Noticed an ogre
  4099 | D:4      | Killed an ogre
  4099 | D:4      | Reached XP level 6. HP: 44/44 MP: 3/16
  4221 | D:4      | Reached skill level 5 in Dodging
  4433 | D:4      | Found a hide-covered altar of Uskayaw.
  4435 | D:4      | Found a glowing silver altar of Zin.
  4657 | D:4      | Noticed Grinder
  4660 | D:4      | Paralysed by Grinder for 2 turns
  5326 | D:5      | Entered Level 5 of the Dungeon
  5333 | D:5      | Noticed Eustachio
  5365 | D:5      | Noticed Prince Ribbit
  5448 | D:5      | Found a blossoming altar of Fedhas.
  5448 | D:5      | Found an iron altar of Okawaru.
  5526 | D:5      | Noticed a sky beast
  5565 | D:5      | Killed a sky beast
  5565 | D:5      | Reached XP level 7. HP: 50/50 MP: 4/18
  5662 | D:5      | Noticed Blork the orc
  5741 | D:5      | Found a bloodstained altar of Trog.
  6015 | D:7      | Found a staircase to the Ecumenical Temple.
  6025 | Temple   | Entered the Ecumenical Temple
  6057 | Temple   | Became a worshipper of Ashenzari the Shackled
  6415 | D:7      | Noticed a hungry ghost
  6478 | D:7      | Killed a hungry ghost
  6478 | D:7      | Reached skill level 5 in Stealth
  6591 | D:7      | Reached XP level 8. HP: 57/57 MP: 5/19
  7175 | D:7      | HP: 3/87 [poisoned by a killer bee]
  7175 | D:7      | Slain by a killer bee

Skill      XL: |  1  2  3  4  5  6  7  8 |
---------------+-------------------------+-----
Conjurations   | 2 3 |  3.3
Summonings     | 2 3 |  3.3
Translocations | 2 3 |  3.3
Invocations    | 1 2 3 |  3.3
Fighting       | 1 2 3 |  3.0
Short Blades   | 1 2 3 |  3.0
Long Blades    | 1 2 3 |  3.0
Axes           | 1 2 3 |  3.0
Maces & Flails | 1 2 3 |  3.0
Polearms       | 1 2 3 |  3.0
Staves         | 1 2 3 |  3.0
Slings         | 1 2 3 |  3.0
Bows           | 1 2 3 |  3.0
Crossbows      | 1 2 3 |  3.0
Throwing       | 1 2 3 |  3.0
Armour         | 1 2 3 |  3.0
Shields        | 1 2 3 |  3.0
Unarmed Combat | 1 2 3 |  3.0
Evocations     | 1 2 3 |  3.0
Hexes          | 1 2 |  2.4
Charms         | 1 2 |  2.4
Necromancy     | 1 2 |  2.4
Transmutations | 1 2 |  2.4
Fire Magic     | 1 2 |  2.4
Ice Magic      | 1 2 |  2.4
Air Magic      | 1 2 |  2.4
Earth Magic    | 1 2 |  2.4
Poison Magic   | 1 2 |  2.4
Dodging        | 5 |  5.5
Stealth        | 5 |  5.2
Spellcasting   | |  7.8

Action                   |  1- 3 |  4- 6 |  7- 9 || total
-------------------------+-------+-------+-------++-------
Melee: Unarmed           |     6 |       |       ||     6
       Bite              |     5 |       |     1 ||     6
       Short sword       |     7 |       |       ||     7
       Dagger            |       |     9 |     9 ||    18
 Fire: Hunting sling     |       |    27 |     3 ||    30
Throw: Stone             |       |     1 |     3 ||     4
 Cast: Magic Dart        |    89 |   136 |    77 ||   302
       Call Imp          |     2 |    16 |    12 ||    30
       Conjure Flame     |       |     6 |     3 ||     9
Invok: Curse Item        |       |       |     2 ||     2
  Use: Scroll            |       |     4 |       ||     4
       Potion            |       |       |     1 ||     1
 Stab: Sleeping          |       |     2 |       ||     2
  Eat: Chunk             |     2 |    10 |       ||    12
       Ration            |       |       |     3 ||     3
Armor: Robe              |     5 |    10 |    17 ||    32
Dodge: Dodged            |    18 |    34 |    38 ||    90
